 Dungeon Sprint DCSS version 0.19.4-9-g45fd643 (webtiles) character file.

3591 equalderp2856 the Ripper (level 9, -16/46 HPs)
             Began as a Felid Fighter on Feb 19, 2017.
             Was an Initiate of Gozag.
             Demolished by an alligator snapping turtle (34 damage)
             ... in the Dungeon (Sprint VII: "The Pits").
             The game lasted 00:09:38 (2554 turns).

equalderp2856 the Ripper (Felid Fighter)            Turns: 2554, Time: 00:09:39

Health: -16/46     AC:  2    Str: 13    XL:     9   Next: 85%
Magic:  10/10      EV: 32    Int: 14    God:    Gozag
Gold:   2525       SH:  0    Dex: 20    Spells: 0 memorised, 8 levels left
                                        Lives:  0   Deaths: 3

rFire  . . .     SeeInvis +       - Unarmed
rCold  . . .     Gourm    .     (armour unavailable)
rNeg   . . .     Faith    .     (shield unavailable)
rPois  .         Spirit   .     (helmet unavailable)
rElec  .         Reflect  .     (cloak unavailable)
rCorr  .         Harm     .     (gloves unavailable)
MR     +....     NoTele   +     (boots unavailable)
Stlth  ++++++....               (no amulet)
                                m - +3 ring of dexterity
                                n - +3 ring of intelligence

@: gold aura, bribing [the Dungeon], quick
A: no armour, no weapons or thrown items, stealth, claws 1, fangs 3, see
invisible, carnivore 3, speed 1, shaggy fur 2, slow metabolism 1, sharp paws
a: Potion Petition, Call Merchant, Bribe Branch, Renounce Religion


You were in the Dungeon.
You worshipped Gozag.
Gozag was most pleased with you.
You were not hungry.

You visited 1 branch You collected 5525 gold pieces.
You paid 3000 gold pieces to Gozag.

Inventory:

Jewellery
 m - a +3 ring of dexterity (right paw)
 n - a +3 ring of intelligence (left paw)
 t - a +4 ring of evasion
 w - an uncursed ring of fire
Scrolls
 h - a scroll of blinking
 j - 5 scrolls of remove curse
 k - 5 scrolls of amnesia
 l - a scroll of summoning
 q - a scroll of identify
 r - a scroll of fog
 s - a scroll of recharging
Potions
 a - 2 potions of might
 c - 6 potions of curing
 d - 13 potions of heal wounds
 e - 2 potions of haste
 f - 4 potions of magic
 g - 8 potions of berserk rage
 i - 2 potions of invisibility
 o - 3 potions of agility
 p - a potion of cure mutation
 v - a potion of beneficial mutation
Books
 u - a book of Frost

   Spells                             Type                      Level
   a - Freeze                         Ice                          1
   b - Throw Frost                    Conjuration/Ice              2
   c - Ozocubu's Armour               Charms/Ice                   3
   d - Throw Icicle                   Conjuration/Ice              4
   e - Summon Ice Beast               Ice/Summoning                4
Comestibles
 b - 8 meat rations


   Skills:
 + Level 9.4 Fighting
 + Level 14.7 Dodging
 + Level 13.6 Stealth
 + Level 20.9 Unarmed Combat


You had 8 spell levels left.
You didn't know any spells.

Dungeon Overview and Level Annotations

Branches:
Dungeon (1/1)

Altars:
Ashenzari
Cheibriados
Dithmenos
Elyvilon
Fedhas
Gozag
Hepliaklqana
Kikubaaqudgha
Makhleb
Nemelex Xobeh
Okawaru
Qazlal
Ru
Sif Muna
Trog
Uskayaw
Vehumet
Xom
Yredelemnul
Zin
The Shining One
Beogh
Jiyva
Lugonu


Innate Abilities, Weirdness & Mutations

You cannot wear armour.
You are incapable of wielding weapons or throwing items.
Your paws allow you to move quietly. (Stealth)
You have sharp claws.
You have razor-sharp teeth.
You have supernaturally acute eyesight. (SInv)
You are carnivorous and can eat meat at any time.
You cover ground quickly.
You are covered in thick fur. (AC +2)
You have a slow metabolism.
Your sharp claws are effective at attacking unaware monsters.


Message History

Your great orb of eyes bites the alligator snapping turtle but does no damage.
The alligator snapping turtle is distracted by the nearby gold.
The alligator snapping turtle hisses angrily.
Your great orb of eyes bites the alligator snapping turtle.
You claw the alligator snapping turtle!
The alligator snapping turtle is no longer distracted by gold.
You claw the alligator snapping turtle!
The alligator snapping turtle is almost dead.
You scratch the alligator snapping turtle but do no damage.
The alligator snapping turtle is almost dead.
Your great orb of eyes bites the alligator snapping turtle but does no damage.
The alligator snapping turtle bites you!!
Ouch! That really hurt!
You claw the alligator snapping turtle! You claw the alligator snapping turtle.
The alligator snapping turtle is almost dead.
Your great orb of eyes bites the alligator snapping turtle!
The alligator snapping turtle bites you from afar!!
Ouch! That really hurt!
You die...
Your body crumbles into a pile of gold.

#++##########################
#..............@.............
#...............Gt..$(.......
#.)##############++##########
#..# #..# #..# #..# #..# #).#


You could see an alligator snapping turtle and a friendly great orb of eyes.

Vanquished Creatures
  Erolcha (D)
  A sun demon (D)
  A shadow wraith (D)
  An unseen horror (D)
  A flayed ghost (D)
  A deep elf mage (D)
  A phantasmal warrior (D)
  An elephant (D)
  2 black mambas (D)
  A demonic crawler (D)
  2 komodo dragons (D)
  A merfolk (D)
  2 trolls (D)
  A hornet (D)
  A polar bear (D)
  A bog body (D)
  A hippogriff (D)
  6 dream sheep (D)
  Prince Ribbit (D)
  3 snapping turtles (D)
  A spriggan (D)
  A wyvern (D)
  A ynoxinul (D)
  A water moccasin (D)
  A porcupine (D)
  An ice beast (D)
  A sky beast (D)
  A centaur (D)
  A bullfrog (D)
  5 killer bees (D)
  2 hounds (D)
  3 orc priests (D)
  A jelly (D)
  An orc wizard (D)
  2 worker ants (D)
  A hell rat (D)
  A river rat (D)
  An ufetubus (D)
  An ooze (D)
  An adder skeleton (D)
  4 orcs (D)
  2 ball pythons (D)
  2 bat skeletons (D)
  A bat zombie (D)
  2 jackals (D)
  A bat (D)
  A frilled lizard (D)
  A giant cockroach zombie (D)
  A kobold (D)
73 creatures vanquished.

Vanquished Creatures (collateral kills)
  A catoblepas (D)
  A spriggan druid (D)
  A floating eye (D)
  A giant cockroach (D)
  A quokka (D)
5 creatures vanquished.

Vanquished Creatures (others)
  A deep elf master archer (D)
  A vampire knight (D)
  A hill giant (D)
  A wolf (D)
4 creatures vanquished.

Grand Total: 82 creatures vanquished

Notes
Turn   | Place    | Note
-------+----------+-------------------------------------------
     0 | D        | equalderp2856 the Felid Fighter began the quest for the Orb.
     0 | D        | Reached XP level 1. HP: 10/10 MP: 2/2
    11 | D        | Noticed a worker ant
    15 | D        | Killed a worker ant
    15 | D        | Reached skill level 5 in Dodging
    15 | D        | Reached skill level 5 in Unarmed Combat
    15 | D        | Reached XP level 2. HP: 11/15 MP: 3/3
    22 | D        | Found a radiant altar of Vehumet.
    22 | D        | Found a hide-covered altar of Uskayaw.
    22 | D        | Found an ancient bone altar of Kikubaaqudgha.
    22 | D        | Found a viscous altar of Jiyva.
    22 | D        | Found a hazy altar of Hepliaklqana.
    23 | D        | Found a bloodstained altar of Trog.
    23 | D        | Found a deep blue altar of Sif Muna.
    23 | D        | Found a sacrificial altar of Ru.
    23 | D        | Found a stormy altar of Qazlal.
    23 | D        | Found an iron altar of Okawaru.
    23 | D        | Found a sparkling altar of Nemelex Xobeh.
    23 | D        | Found an opulent altar of Gozag.
    23 | D        | Found a blossoming altar of Fedhas.
    23 | D        | Found a white marble altar of Elyvilon.
    23 | D        | Found a shadowy altar of Dithmenos.
    23 | D        | Found a snail-covered altar of Cheibriados.
    24 | D        | Found a glowing golden altar of the Shining One.
    24 | D        | Found a glowing silver altar of Zin.
    25 | D        | Found a burning altar of Makhleb.
    25 | D        | Found a basalt altar of Yredelemnul.
    25 | D        | Found a roughly hewn altar of Beogh.
    26 | D        | Found a corrupted altar of Lugonu.
    26 | D        | Found a shimmering altar of Xom.
    26 | D        | Found a shattered altar of Ashenzari.
    29 | D        | Became a worshipper of Gozag Ym Sagoz the Greedy
   113 | D        | Reached skill level 6 in Unarmed Combat
   134 | D        | Reached XP level 3. HP: 15/18 MP: 4/4
   243 | D        | Noticed a bullfrog
   246 | D        | Noticed a centaur
   247 | D        | Noticed Prince Ribbit
   256 | D        | Reached skill level 1 in Stealth
   256 | D        | Reached skill level 7 in Unarmed Combat
   256 | D        | Reached XP level 4. HP: 17/22 MP: 5/5
   266 | D        | Killed a bullfrog
   266 | D        | Reached skill level 5 in Fighting
   266 | D        | Reached skill level 8 in Unarmed Combat
   266 | D        | Reached XP level 5. HP: 20/26 MP: 6/6
   268 | D        | Reached skill level 9 in Unarmed Combat
   278 | D        | Killed a centaur
   278 | D        | Reached skill level 10 in Unarmed Combat
   289 | D        | Killed Prince Ribbit
   289 | D        | Reached skill level 11 in Unarmed Combat
   289 | D        | Gained mutation: You are covered in thick fur. (AC +2) [Felid growth]
   289 | D        | Reached XP level 6. HP: 29/31 MP: 7/7
   419 | D        | Noticed an unseen horror
   421 | D        | Killed an unseen horror
   421 | D        | Reached skill level 10 in Dodging
   421 | D        | Reached skill level 5 in Stealth
   421 | D        | Reached skill level 13 in Unarmed Combat
   421 | D        | Reached XP level 7. HP: 36/36 MP: 8/8
   424 | D        | Noticed a deep elf mage
   428 | D        | Reached XP level 8. HP: 24/40 MP: 9/9
   443 | D        | Killed a deep elf mage
   443 | D        | Reached skill level 14 in Unarmed Combat
   601 | D        | Noticed a hornet
   601 | D        | Noticed a black mamba
   615 | D        | Killed a black mamba
   615 | D        | Reached skill level 15 in Unarmed Combat
   615 | D        | Reached XP level 9. HP: 20/45 MP: 10/10
   898 | D        | Reached skill level 16 in Unarmed Combat
   969 | D        | Reached skill level 17 in Unarmed Combat
  1135 | D        | Noticed a flayed ghost
  1155 | D        | Killed a flayed ghost
  1194 | D        | Mangled by a snapping turtle
  1195 | D        | Reached XP level 8. HP: -7/41 MP: 9/9
  1213 | D        | Killed a snapping turtle
  1213 | D        | Reached skill level 10 in Stealth
  1213 | D        | Reached XP level 9. HP: 45/45 MP: 10/10
  1272 | D        | Reached skill level 18 in Unarmed Combat
  1289 | D        | Noticed a troll
  1298 | D        | Killed a troll
  1321 | D        | Noticed a phantasmal warrior
  1350 | D        | Noticed a komodo dragon
  1355 | D        | Killed a komodo dragon
  1363 | D        | Noticed a troll
  1363 | D        | Noticed a sun demon
  1364 | D        | Noticed a shadow wraith
  1649 | D        | Killed a sun demon
  1649 | D        | Reached skill level 19 in Unarmed Combat
  1649 | D        | Reached XP level 10. HP: 49/49 MP: 11/11
  1656 | D        | Killed a phantasmal warrior
  1708 | D        | Noticed a deep elf master archer
  1714 | D        | Shot with an arrow by a deep elf master archer
  1715 | D        | Reached XP level 9. HP: -3/45 MP: 10/10
  1828 | D        | Killed a shadow wraith
  1839 | D        | Noticed a vampire knight
  1840 | D        | Noticed an elephant
  1848 | D        | Killed an elephant
  1848 | D        | Reached skill level 20 in Unarmed Combat
  1871 | D        | Noticed a demonic crawler
  1886 | D        | Killed a demonic crawler
  1886 | D        | Reached XP level 10. HP: 22/49 MP: 11/11
  2103 | D        | Noticed a black mamba
  2126 | D        | Killed a black mamba
  2276 | D        | Noticed Erolcha
  2287 | D        | Killed Erolcha
  2295 | D        | Noticed a great orb of eyes
  2311 | D        | Noticed a hill giant
  2313 | D        | Noticed a spriggan druid
  2361 | D        | Killed a hill giant
  2415 | D        | Killed a spriggan druid
  2416 | D        | Noticed a catoblepas
  2430 | D        | Demolished by a catoblepas
  2431 | D        | Reached XP level 9. HP: -14/46 MP: 10/10
  2433 | D        | Killed a catoblepas
  2528 | D        | Noticed an alligator snapping turtle
  2530 | D        | Noticed a merfolk
  2540 | D        | Killed a deep elf master archer
  2554 | D        | Demolished by an alligator snapping turtle

Skill      XL: |  1  2  3  4  5  6  7  8  9 10 |
---------------+-------------------------------+-----
Dodging        | 5 6 9 10 11 13 14 | 14.7
Unarmed Combat | 5 6 7 8 11 13 15 20 | 20.9
Fighting       | 4 5 6 7 8 9 |  9.4
Stealth        | 1 3 5 10 11 13 | 13.6

Action                   |  1- 3 |  4- 6 |  7- 9 | 10-12 || total
-------------------------+-------+-------+-------+-------++-------
Melee: Unarmed           |    22 |    27 |   175 |    43 ||   267
       Bite              |     4 |     2 |    19 |     7 ||    32
       Punch             |     1 |       |    22 |     9 ||    32
Invok: Bribe Branch      |       |       |     1 |       ||     1
  Use: Potion            |       |     3 |     4 |       ||     7
 Stab: Sleeping          |     1 |     2 |     5 |     1 ||     9
       Distracted        |       |       |     1 |     3 ||     4
       Confused          |       |       |       |     1 ||     1
Armor: Skin              |     2 |       |     2 |       ||     4
Dodge: Dodged            |    23 |    25 |   132 |    26 ||   206
